 Dungeon Crawl Stone Soup version 0.17-a0-1831-gaadb308 (webtiles) character file.

5024 4thArraOfDagon the Cleaver (level 10, -2/86 HPs)
             Began as a Centaur Berserker on Sept 14, 2015.
             Was a Priest of Trog.
             Shot with an arrow by a centaur warrior (20 damage)
             ... on level 13 of the Dungeon.
             The game lasted 00:15:13 (3275 turns).

4thArraOfDagon the Cleaver (Centaur Berserker)      Turns: 3275, Time: 00:15:13

Health: -2/86      AC: 14    Str: 22    XL:     10   Next: 30%
Magic:  14/14      EV:  9    Int: 12    God:    Trog [***...]
Gold:   247        SH:  0    Dex: 14    Spells: 0 memorised, 9 levels left

rFire  . . .     SeeInvis .     a - +0 hand axe
rCold  . . .     Clarity  .     b - +1 ring mail of the Apprentice {MR+ Int+4 Dex+4}
rNeg   . . .     SustAt   .     (no shield)
rPois  .         Gourm    .     h - +0 helmet
rElec  .         Spirit   .     (no cloak)
rCorr  +         Warding  .     w - +0 pair of gloves
rMut   .         Stasis   .     (no barding)
MR     +++..                    A - amulet of resist corrosion
Stlth  ..........               M - +4 ring of protection
                                E - +2 ring of intelligence

@: exhausted, very slightly contaminated, regenerating, hasted and slowed,
invisible, very quick, extremely resistant to hostile enchantments, extremely
unstealthy
A: hooves 3, deformed body, speed 2, tough skin 3
a: Burn Spellbooks, Berserk, Trog's Hand, Renounce Religion


You were on level 13 of the Dungeon.
You worshipped Trog.
Trog was most pleased with you.
You were not hungry.

You visited 2 branches of the dungeon, and saw 15 of its levels.

You collected 247 gold pieces.

Inventory:

Hand weapons
 a - a +0 hand axe (weapon)
 k - a +0 blowgun
Missiles
 O - 7 javelins (quivered)
Armour
 b - the +1 ring mail of the Apprentice (worn) {MR+ Int+4 Dex+4}
   (You found it on level 5 of the Dungeon)

   It affects your intelligence (+4).
   It affects your dexterity (+4).
   It affects your resistance to hostile enchantments.
 h - a +0 helmet (worn)
 w - a +0 pair of gloves (worn)
Jewellery
 A - an amulet of resist corrosion (around neck)
 E - a +2 ring of intelligence (left hand)
 M - a +4 ring of protection (right hand)
Magical devices
 q - a wand of enslavement (7)
 F - a wand of teleportation (4)
 G - a wand of fireball (6)
 N - a wand of magic darts (32)
Scrolls
 g - a scroll of enchant armour {unknown}
 l - 2 scrolls of magic mapping {unknown}
 p - 4 scrolls of remove curse
 s - a scroll of amnesia {unknown}
 u - a scroll of random uselessness {unknown}
 v - a scroll of blinking {unknown}
 x - a scroll of immolation {unknown}
 y - 2 scrolls of teleportation {unknown}
 C - 2 scrolls of recharging {unknown}
 I - a scroll of fog {unknown}
Potions
 d - a potion of might {unknown}
 e - 2 potions of haste
 j - a potion of poison
 n - a potion of ambrosia {unknown}
 t - a potion of agility {unknown}
 z - a potion of berserk rage {unknown}
 D - a potion of lignification {unknown}
 H - 2 potions of heal wounds {unknown}
Books
 B - a book of Conjurations

   Spells                             Type                      Level
   a - Magic Dart                     Conjuration                  1
   b - Searing Ray                    Conjuration                  2
   c - Dazzling Spray                 Conjuration/Hexes            3
   d - Fulminant Prism                Conjuration/Hexes            4
   e - Iskenderun's Mystic Blast      Conjuration                  4
   f - Iskenderun's Battlesphere      Conjuration/Charms           5
   Trog disapproves of the use of such an item.
Miscellaneous
 K - a lantern of shadows
Comestibles
 c - 5 bread rations
 r - 2 meat rations


   Skills:
 + Level 7.6 Fighting
 * Level 9.4 Axes
 + Level 5.4 Armour
 - Level 1.3 Dodging
 + Level 5.7 Evocations


You had 9 spell levels left.
You didn't know any spells.

Dungeon Overview and Level Annotations

Branches:
Dungeon (14/15)            Temple (1/1) D:6             Orc (0/4) D:12
 Vaults (0/5) D:14
   Lair: D:8-11

Altars:
Ashenzari
Cheibriados
Dithmenos
Fedhas
Makhleb
Nemelex Xobeh
Okawaru
Zin
The Shining One


Innate Abilities, Weirdness & Mutations

You have hooves in place of feet.
Armour fits poorly on your strangely shaped body.
You cover ground very quickly.
You have extremely tough skin (AC +3).


Message History

Unknown command.
Unknown command.
The centaur warrior wields an uncursed shortbow.
The centaur warrior shoots an arrow.
The arrow barely misses you.
There is a shaft here.
Unknown command.
Evoke which item? (* to show all) (? for menu, Esc to quit)
Okay, then.
Drink which item? (? for menu, Esc to quit)
Okay, then.
Read which item? (? for menu, Esc to quit)
Okay, then.
Unknown command.
Unknown command.
The centaur warrior shoots an arrow.
The arrow hits you but does no damage.
You see here an arrow.
Unknown command.
Unknown command.
The centaur warrior shoots an arrow.
The arrow hits you!!
You die...

#######..#
#.#.##.#
.........#
#.#.##.#
.######.##
#.#.##c#
.# #.
#.#.##^#
.# #.
#.#.##.#
.# #.
#.#.##.#
.# #. #((#
.# #.##
.## #@#
..#
#.#####
..#.#
#.....#
....#
####.##
##..# #.#
# ..# #.#
# #.# #.#
# .# #.# #
.# #.#


You could see a centaur warrior.

Vanquished Creatures
  A centaur warrior (D:13)
  A hill giant (D:12)
  An ugly thing (D:13)
  2 cyclopes (D:13)
  A troll (D:13)
  A wraith (D:12)
  A hungry ghost (D:9)
  A deep elf mage (D:9)
  A steam dragon (D:10)
  A sky beast (D:10)
  2 orc warriors
  3 ogres
  An ice beast (D:8)
  2 centaurs
  A crocodile (D:13)
  Blork the orc (D:4)
  3 giant frogs
  2 scorpions
  A giant frog zombie (D:12)
  An orc priest (D:6)
  A jelly (D:5)
  4 hounds
  2 centaur skeletons
  3 worker ants
  2 iguanas (D:6)
  3 orc wizards
  4 adders
  4 gnolls (D:2)
  3 shadow imps
  2 adder skeletons
  3 giant geckos
  15 orcs
  A bat (D:2)
  3 giant cockroaches
  A hobgoblin (D:3)
  2 quokkas
  2 ball pythons
  A giant gecko skeleton (D:4)
  2 giant newts
  2 quokka skeletons (D:5)
  A rat (D:4)
89 creatures vanquished.

Vanquished Creatures (others)
  9 fungi (D:8)
  A plant (D:8)
10 creatures vanquished.

Grand Total: 99 creatures vanquished

Notes
Turn   | Place    | Note
--------------------------------------------------------------
     0 | D:1      | 4thArraOfDagon the Centaur Berserker began the quest for the Orb.
     0 | D:1      | Reached XP level 1. HP: 19/19 MP: 1/1
    12 | D:2      | Reached XP level 2. HP: 26/26 MP: 2/2
    23 | D:2      | Reached XP level 3. HP: 31/31 MP: 3/3
   288 | D:4      | Reached XP level 4. HP: 38/38 MP: 4/4
   334 | D:4      | Found a blossoming altar of Fedhas.
   365 | D:5      | Entered Level 5 of the Dungeon
   411 | D:5      | Got a bloodstained ring mail
   424 | D:5      | Identified the +1 ring mail of the Apprentice {MR+ Int+4 Dex+4} (You found it on level 5 of the Dungeon)
   492 | D:5      | Reached skill level 4 in Axes
   600 | D:4      | Found an iron altar of Okawaru.
   606 | D:4      | Noticed an ogre
   614 | D:4      | Killed an ogre
   614 | D:4      | Reached XP level 5. HP: 46/46 MP: 5/5
   619 | D:4      | Noticed Blork the orc
   684 | D:4      | Killed Blork the orc
   684 | D:4      | Reached skill level 1 in Evocations
   684 | D:4      | Reached XP level 6. HP: 36/52 MP: 6/6
   757 | D:5      | Found a sparkling altar of Nemelex Xobeh.
   761 | D:5      | Acquired Trog's second power
   851 | D:5      | Found a shadowy altar of Dithmenos.
   937 | D:6      | Found a staircase to the Ecumenical Temple.
  1053 | D:6      | Reached skill level 5 in Axes
  1182 | Temple   | Entered the Ecumenical Temple
  1213 | D:6      | Reached XP level 7. HP: 53/60 MP: 8/8
  1613 | D:8      | Reached skill level 5 in Fighting
  1820 | D:9      | Reached skill level 6 in Axes
  1824 | D:9      | Noticed a two-headed ogre
  1881 | D:8      | Reached XP level 8. HP: 68/68 MP: 10/10
  2116 | D:9      | Noticed a deep elf mage
  2123 | D:9      | Killed a deep elf mage
  2197 | D:10     | Entered Level 10 of the Dungeon
  2291 | D:9      | Reached skill level 7 in Axes
  2466 | D:12     | Reached XP level 9. HP: 75/75 MP: 12/12
  2652 | D:12     | Noticed a hill giant
  2680 | D:12     | Found a staircase to the Orcish Mines.
  2700 | D:12     | Killed a hill giant
  2700 | D:12     | Reached skill level 8 in Axes
  2809 | D:13     | Noticed a centaur skeleton
  2821 | D:13     | Killed a centaur skeleton
  2825 | D:13     | Noticed a cyclops
  2851 | D:13     | Killed a cyclops
  2851 | D:13     | Reached skill level 5 in Evocations
  2897 | D:13     | Noticed a red ugly thing
  2913 | D:13     | Noticed a cyclops
  2944 | D:13     | Killed a red ugly thing
  2944 | D:13     | Reached skill level 5 in Armour
  3019 | D:13     | Killed a cyclops
  3019 | D:13     | Reached skill level 9 in Axes
  3019 | D:13     | Reached XP level 10. HP: 86/86 MP: 12/14
  3166 | D:14     | Found a gate to the Vaults.
  3166 | D:14     | Noticed a skeletal warrior
  3166 | D:14     | Noticed a hill giant
  3166 | D:14     | Noticed an orc knight
  3166 | D:14     | Noticed a skeletal warrior
  3166 | D:14     | Noticed a griffon
  3220 | D:13     | Noticed a centaur warrior
  3226 | D:13     | Killed a centaur warrior
  3238 | D:13     | Noticed a centaur warrior
  3259 | D:13     | HP: 4/86 [centaur warrior (10)]
  3275 | D:13     | Shot with an arrow by a centaur warrior

Vault maps used:
D:1:      co_arrival_two_rings, grunt_decor_fettered
D:2:      lemuel_coloured_pillars_altar, uniq_iyjb
D:3:      nrook_loot_triangle
D:4:      okawaru_metal_pillars_1_2, fedhas_altar_4, first_bread,
          uniq_blork_the_orc
D:5:      kennysheep_mini, kennysheep_mini_moat
D:6:      minmay_temple_entry_glass
D:7:      lemuel_doored_altar, serial_shops, nicolae_shop_behind_doors,
          the_bakery
D:8:      grunt_lair_entry_elf_guard_hut, zaba_anthole
D:9:      lemuel_flame_loot_2
D:10:     serial_shops, nicolae_shop_stone
D:11:     minmay_quarter_circles, minmay_statues_item, lightli_elemental_guards
D:12:     orc_0_dummy
D:14:     hangedman_cross_cluster, david_vaults_3, old_standard_altar,
          enter_trove_0
Temple:   circular_temple_13

Action                   |  1- 3 |  4- 6 |  7- 9 | 10-12 || total
-------------------------+-------+-------+-------+-------++-------
Melee: Hand axe          |    37 |    62 |   202 |    19 ||   320
Invok: Berserk           |     3 |     7 |    16 |     1 ||    27
       Trog's Hand       |       |     1 |     2 |     2 ||     5
Evoke: Wand              |       |       |     1 |       ||     1
  Use: Potion            |       |     1 |       |     5 ||     6
       Scroll            |       |       |     4 |       ||     4
  Eat: Chunk             |       |    10 |    19 |       ||    29
       Meat ration       |       |       |     1 |       ||     1
       Pizza             |       |       |     1 |       ||     1
